 Seeded DCSS version 0.27.1-2-g3b301248ec (webtiles) character file.

Game seed: 6258058316398713103 (custom seed)

21 a11behringer the Shield-Bearer (level 3, -1/29 HPs)
             Began as a Formicid Fighter on Sept 23, 2021.
             Succumbed to an adder's poison
             ... on level 2 of the Dungeon.
             The game lasted 00:04:06 (992 turns).

a11behringer the Shield-Bearer (Formicid Fighter)    Turns: 992, Time: 00:04:06

Health: -1/29      AC:  6    Str: 20    XL:     3   Next: 2%
Magic:  2/3        EV:  7    Int:  7    God:
Gold:   47         SH:  9    Dex: 11    Spells: 2/2 levels left

rFire    . . .     SeeInvis +   a - +0 flail
rCold    + . .     Faith    .   c - +0 kite shield
rNeg     . . .     Spirit   +   b - +0 scale mail
rPois    .         Reflect  .   (helmet unavailable)
rElec    .         Harm     .   (no cloak)
rCorr    +         Rampage  .   (no gloves)
Will     .....                  (no boots)
Stlth    +.........             f - amulet "Weetu" {Spirit rC+ Stlth+}
HPRegen  0.09/turn              e - ring of resist corrosion
MPRegen  0.08/turn              (no ring)

@: lethally poisoned (-1 -> -10)
A: permanent stasis, dig shafts and tunnels, antennae 3, four strong arms
a: Dig, Shaft Self


You were on level 2 of the Dungeon.
You visited 1 branch of the dungeon, and saw 2 of its levels.

You collected 47 gold pieces.

Inventory:

Hand Weapons
 a - a +0 flail (weapon)
Armour
 b - a +0 scale mail (worn)
 c - a +0 kite shield (worn)
 i - a +0 tower shield
Jewellery
 e - a ring of resist corrosion (left hand)
 f - the amulet "Weetu" (around neck) {Spirit rC+ Stlth+}
   (You acquired it on level 1 of the Dungeon)

   [amulet of guardian spirit]

   It causes incoming damage to be divided between your reserves of health and
   magic.
   rC:        It protects you from cold.
   Stlth:     It makes you more stealthy.
Scrolls
 g - a scroll of identify {unknown}
 j - a scroll of noise {unknown}
 k - a scroll of vulnerability {unknown}
Potions
 d - a potion of might
 h - a potion of brilliance {unknown}
 l - 2 potions of haste {unknown}
 m - a potion of heal wounds {unknown}


   Skills:
 - Level 3.2 Fighting
 * Level 3.2 Maces & Flails
 - Level 3.2 Armour
 - Level 3.6 Shields


You had 2 spell levels left.
You didn't know any spells.
Your spell library contained the following spells:

 Spells                   Type           Power      Damage    Failure   Level
 Magic Dart               Conj           0%         1d3       99%         1
 Call Imp                 Summ           0%         N/A       99%         2
 Mephitic Cloud           Conj/Pois/Air  0%         N/A       100%        3


Dungeon Overview and Level Annotations

Branches:
Dungeon (2/15)

Altars:


Innate Abilities, Weirdness & Mutations

You cannot be hasted, slowed, berserked, paralysed or teleported.
You can dig through walls and to a lower floor.
You have a pair of large antennae on your head. (SInv)
Your four strong arms can wield two-handed weapons with a shield.


Message History

The giant cockroach bites you but does no damage.
The rat bites you but does no damage. The adder bites you.
The giant cockroach barely misses you. You block the rat's attack.
You miss the adder.
The adder is almost dead.
You closely miss the adder.
The adder is almost dead.
You feel very sick. You block the adder's attack.
The giant cockroach bites you but does no damage.
The adder bites you.
You are more poisoned.
The adder poisons you! The rat bites you but does no damage.
You block the giant cockroach's attack. The adder barely misses you.
You block the rat's attack. The giant cockroach bites you.
You barely miss the adder.
The adder is almost dead.
You feel sick. The adder bites you but does no damage.
You block the giant cockroach's attack. You block the rat's attack.
The adder bites you.
You closely miss the adder.
The adder is almost dead.
You feel sick. The giant cockroach bites you. The adder barely misses you.
The rat barely misses you. The giant cockroach barely misses you.
The adder bites you.
* * * LOW HITPOINT WARNING * * *
You are lethally poisoned!
The adder poisons you!
You closely miss the adder.
The adder is almost dead.
* * * LOW HITPOINT WARNING * * *
You feel very sick. You block the rat's attack.
The adder bites you but does no damage.
The giant cockroach bites you but does no damage.
The rat bites you.
* * * LOW HITPOINT WARNING * * *
You block the adder's attack. The giant cockroach closely misses you.
You sock the adder!
You kill the adder!
You die...

## ## ##. .#
# ##.. ...# #
...♣.#. # #.
..... .#
###..♣...♣..#
............#
......B@....#
......†r...##
..>..♣...♣.#
.... ..... #
... .#.♣.##
.. ..## ## .
.. ...


You could see a giant cockroach and a rat.

Vanquished Creatures
  An adder (D:2)
  3 endoplasms (D:1)
  2 goblins (D:1)
  2 hobgoblins (D:1)
  A quokka (D:1)
  A frilled lizard (D:1)
  7 kobolds (D:1)
  3 rats (D:1)
20 creatures vanquished.

Notes
Turn   | Place    | Note
-------+----------+-------------------------------------------
     0 | D:1      | a11behringer the Formicid Fighter began the quest for the
                  | Orb.
     0 | D:1      | Reached XP level 1. HP: 18/18 MP: 1/1
   267 | D:1      | Found a faded altar of an unknown god.
   281 | D:1      | Reached XP level 2. HP: 12/24 MP: 2/2
   461 | D:1      | Identified a scroll of acquirement
   461 | D:1      | Acquired the amulet "Weetu" {Spirit rC+ Stlth+}
   702 | D:1      | Reached XP level 3. HP: 29/29 MP: 3/3
   992 | D:2      | Succumbed to an adder's poison

Illustrated notes

Levels and vault maps discovered:
D:1:      sevenhm_arrival_forest_fort_large_2, layout_rooms,
          ebering_ecumenical_altar_sacrificial
D:2:      layout_rooms, basic_altar, minmay_misc_feat_encased,
          grunt_ministairs_2

Skill      XL: |  1  2 |
---------------+-------+-----
Maces & Flails | 3 |  3.2
Fighting       | |  3.2
Armour         | |  3.2
Shields        | |  3.6

Action                   || total
-------------------------++-------
Melee: Flail             ||    68
  Use: Scroll            ||     2
Armor: Scale mail        ||    33
Dodge: Dodged            ||    26
Block: Kite shield       ||    41
